 Dungeon Crawl Stone Soup version 0.20.1-1-g8b1a95d (webtiles) character file.

2346 Irenicus the Nimble (level 9, -2/40 HPs)
             Began as a Felid Chaos Knight on Oct 27, 2017.
             Slain by a troll (18 damage)
             ... on level 9 of the Dungeon.
             The game lasted 00:38:46 (6974 turns).

Irenicus the Nimble (Felid Chaos Knight)            Turns: 6974, Time: 00:38:52

Health: -2/40      AC:  4    Str: 16    XL:     9   Next: 20%
Magic:  11/11      EV: 31    Int: 14    God:    Xom [.....*]
Gold:   325        SH:  0    Dex: 24    Spells: 4/8 levels left
                                        Lives:  0   Deaths: 2

rFire    . . .     SeeInvis +     - Unarmed
rCold    . . .     Gourm    .   (shield unavailable)
rNeg     . . .     Faith    .   (armour unavailable)
rPois    +         Spirit   .   (helmet unavailable)
rElec    .         Reflect  .   (cloak unavailable)
rCorr    .         Harm     .   (gloves unavailable)
MR       +....                  (boots unavailable)
Stlth    ++++......             u - amulet of rage
Regen    0.2/turn               E - +6 ring of strength
MPRegen  0.2/turn               J - +2 ring of dexterity

@: quick
A: no armour, no weapons or thrown items, stealth, claws 1, fangs 3, horns 1,
repulsion field 1, thin metallic scales 1, see invisible, agile 2, carnivore 3,
speed 1, sense surroundings 1, poison resistance, shaggy fur 2, slow metabolism
1, strong 1, sharp paws
a: Renounce Religion, Evoke Berserk Rage


You were on level 9 of the Dungeon.
You worshipped Xom.
You were Xom's teddy bear.
You were completely stuffed.

You visited 1 branch of the dungeon, and saw 9 of its levels.
You also visited: Sewer.

You collected 605 gold pieces.
You spent 280 gold pieces at shops.

Inventory:

Jewellery
 j - a +2 ring of protection
 l - an uncursed ring of positive energy
 m - an uncursed ring of protection from magic
 u - an amulet of rage (around neck)
 D - an uncursed ring of protection from fire
 E - a +6 ring of strength (left paw)
 I - an uncursed ring of magical power
 J - a +2 ring of dexterity (right paw)
Wands
 y - a wand of random effects (2/48)
 H - a wand of disintegration (2/24)
Scrolls
 b - a scroll of enchant weapon
 c - 4 scrolls of fear {unknown}
 d - a scroll of random uselessness {unknown}
 e - 4 scrolls of recharging {unknown}
 f - a scroll of enchant armour {unknown}
 h - 8 scrolls of remove curse {unknown}
 i - 2 scrolls of teleportation
 k - 3 scrolls of identify
 t - a scroll of noise {unknown}
 v - 3 scrolls of fog
 w - a scroll of magic mapping {unknown}
 C - a scroll of holy word {unknown}
Potions
 g - 5 potions of curing
 o - a potion of haste
 p - a potion of cancellation
 q - 2 potions of heal wounds
 r - 2 potions of might {unknown}
 z - 2 potions of lignification
 A - a potion of resistance
 B - 2 potions of invisibility {unknown}
 F - a potion of berserk rage {unknown}
Books
 s - a book of Conjurations

   Spells                             Type                      Level
   a - Magic Dart                     Conjuration                  1
   b - Searing Ray                    Conjuration                  2
   c - Dazzling Spray                 Conjuration/Hexes            3
   d - Fulminant Prism                Conjuration/Hexes            4
   e - Force Lance                    Conjuration/Translocation    4
   f - Iskenderun's Mystic Blast      Conjuration                  4
 x - a book of Cantrips

   Spells                             Type                      Level
   a - Confusing Touch                Hexes                        1
   b - Animate Skeleton               Necromancy                   1
   c - Summon Small Mammal            Summoning                    1
   d - Apportation                    Translocation                1
 G - a book of Changes

   Spells                             Type                      Level
   a - Beastly Appendage              Transmutation                1
   b - Sticks to Snakes               Transmutation                2
   c - Spider Form                    Transmutation/Poison         3
   d - Ice Form                       Ice/Transmutation            4
   e - Blade Hands                    Transmutation                5
Comestibles
 a - 10 meat rations
 n - 2 royal jellies
 K - 3 chunks of flesh


   Skills:
 - Level 5.2 Fighting
 - Level 10.2 Dodging
 - Level 7.0 Stealth
 - Level 7.2 Unarmed Combat
 - Level 6.0 Hexes
 - Level 4.2 Necromancy
 - Level 2.0 Evocations


You had 4 spell levels left.
You knew the following spells:

 Your Spells              Type           Power        Failure   Level  Hunger
a - Beastly Appendage     Tmut           #.....       28%         1    ##.....
b - Animate Skeleton      Necr           N/A          4%          1    ##.....
c - Apportation           Tloc           #.....       28%         1    ##.....
e - Confusing Touch       Hex            ###...       2%          1    ##.....


Dungeon Overview and Level Annotations

Branches:
Dungeon (9/15)             Temple (0/1) D:5
   Lair: D:8-11         Orc: D:9-12

Altars:
Cheibriados

Shops:
D:4 :((*


Innate Abilities, Weirdness & Mutations

You cannot wear armour.
You are incapable of wielding weapons or throwing items.
Your paws allow you to move quietly. (Stealth)
You have sharp claws.
You have razor-sharp teeth.
You have supernaturally acute eyesight. (SInv)
You are carnivorous and can eat meat at any time.
You cover ground quickly.
You are covered in thick fur. (AC +2)
You have a slow metabolism.
Your sharp claws are effective at attacking unaware monsters.
You have a pair of small horns on your head.
You are surrounded by a mild repulsion field. (EV +2)
You are partially covered in thin metallic scales. (AC +2)
You are very agile. (Dex +4)
You passively map a small area around you.
Your system is resistant to poisons. (rPois)
Your muscles are strong. (Str +2)


Message History

There is an open door here.
Xom grants you an implement of some kind.
Something appears before you!
You see here 17 stones.
You open the door.
An orc and a zombie come into view.
A troll and a skeleton come into view.
Found a bread ration.
There is an open door here.
An orc and an orc wizard come into view.
The troll shouts!
The orc wizard shouts!
The orc shouts! x2; You hear a shout!
The troll closely misses you. x2; The troll completely misses you.
An orc comes into view. It is wielding a mace.
You claw the troll!
You headbutt the troll, but do no damage.
You bite the troll.
The troll is moderately wounded.
The troll bites you!!
You die...
Xom snickers!

........##.#.......#
........'..#.......#
*
........####.......##
* , ........#
#(........ , ,
####'#### #.......# *
+ #<.# ##.###### *
##.# #.....# * **.#
######'##### , .. *
#....@.....# , ,...*
#...T......# , ...#
+..........# * , ...#
#.....Z.o..# , ,,,
...# #....Z.....# ,
,#.....o.o..#* * *
#......%...+ ,, ,
#.....o....# * , *


You could see a troll, an orc wizard, 3 orcs, a worker ant zombie and a bullfrog
skeleton.

Vanquished Creatures
  Pikel (D:8)
  A hungry ghost (D:9)
  2 orc warriors
  3 sky beasts
  A phantom (D:9)
  3 ogres
  A centaur (D:6)
  4 bullfrogs
  A scorpion (D:7)
  The ghost of letownia2 the Grave Robber, a weakling DDNe (D:4)
  A crimson imp (D:8)
  A bullfrog zombie (D:8)
  A hound (D:7)
  3 orc priests
  2 jellies
  A bullfrog skeleton (D:8)
  2 centaur skeletons
  5 orc wizards
  Natasha (D:4)
  An iguana (D:7)
  A killer bee zombie (D:6)
  4 worker ants
  A hound zombie (D:7)
  A hound skeleton (D:4)
  9 gnolls
  A howler monkey skeleton (D:7)
  6 river rats (Sewer)
  14 adders
  3 shadow imps
  5 oozes
  An adder zombie (D:6)
  An adder skeleton (D:8)
  3 worms
  2 dart slugs
  5 leopard geckos
  34 orcs
  9 bats
  8 giant cockroaches
  7 hobgoblins
  8 jackals
  5 kobolds
  5 quokkas
  11 ball pythons
  6 frilled lizards
  8 goblins
  A leopard gecko skeleton (D:5)
  A quokka skeleton (D:5)
  29 rats
225 creatures vanquished.

Vanquished Creatures (collateral kills)
  Duvessa (D:6)
  An orc warrior (D:6)
  A phantom (D:4)
  A bullfrog (D:6)
  A gnoll sergeant (D:6)
  A scorpion (D:4)
  Dowan (D:6)
  An iguana (D:4)
  An orc wizard (D:3)
  A killer bee zombie (D:6)
  A hound skeleton (D:4)
  An adder (D:6)
  7 gnolls (D:6)
  An adder zombie (D:6)
  A worm (D:6)
  6 orcs
  A giant cockroach (D:6)
28 creatures vanquished.

Vanquished Creatures (others)
  3 orcs (D:4)
3 creatures vanquished.

Grand Total: 256 creatures vanquished

Notes
Turn   | Place    | Note
-------+----------+-------------------------------------------
     0 | D:1      | Irenicus the Felid Chaos Knight began the quest for the Orb.
     0 | D:1      | Reached XP level 1. HP: 10/10 MP: 2/2
    26 | D:1      | XOM: divination: magic mapping
    32 | D:1      | XOM: divination: magic mapping
   141 | D:1      | Reached XP level 2. HP: 9/14 MP: 3/3
   304 | D:1      | XOM: butterfly on damage
   562 | D:1      | XOM: enchant monster (bad)
   750 | D:1      | Reached XP level 3. HP: 14/17 MP: 4/4
   935 | D:2      | XOM: confuse monster(s)
  1011 | D:2      | XOM: noise
  1451 | D:3      | Reached skill level 1 in Stealth
  1507 | D:3      | Reached XP level 4. HP: 14/21 MP: 5/5
  1536 | D:3      | Reached skill level 5 in Unarmed Combat
  1602 | D:3      | XOM: medium Air miscast
  1607 | D:3      | Killed from afar by an orc wizard
  1608 | D:3      | Reached XP level 3. HP: 0/17 MP: 4/4
  1702 | D:3      | XOM: summons 3 friendly demons
  1772 | D:3      | Reached XP level 4. HP: 8/21 MP: 5/5
  2080 | D:4      | XOM: noise
  2089 | D:4      | Gained mutation: You have a pair of small antennae on your head. [potion of mutation]
  2089 | D:4      | Gained mutation: You are surrounded by a mild repulsion field. (EV +2) [potion of mutation]
  2089 | D:4      | Gained mutation: You are agile. (Dex +2) [potion of mutation]
  2092 | D:4      | XOM: summons 3 friendly demons
  2093 | D:4      | Noticed a phantom
  2101 | D:4      | Killed a phantom
  2101 | D:4      | Reached XP level 5. HP: 11/24 MP: 6/6
  2183 | D:4      | XOM: destruction
  2204 | D:4      | Found Uhiphist's Book Shoppe.
  2204 | D:4      | Noticed Natasha
  2206 | D:4      | Found Oqestelu's Antique Weapon Shop.
  2237 | D:4      | Killed Natasha
  2258 | D:4      | XOM: destruction
  2538 | D:4      | Found Tiaraemi's General Store.
  2561 | D:4      | Found Hep Egh's Antique Weapon Boutique.
  2608 | D:4      | XOM: give mutations
  2608 | D:4      | Gained mutation: You are robust. (+10% HP) [Xom's grace]
  2608 | D:4      | Gained mutation: Your system is resistant to poisons. (rPois) [Xom's grace]
  2608 | D:4      | Gained mutation: You are very agile. (Dex +4) [Xom's grace]
  2613 | D:4      | Noticed letownia2's ghost (weakling DDNe)
  2621 | D:4      | Gained mutation: You are covered in thick fur. (AC +2) [Felid growth]
  2621 | D:4      | Reached XP level 6. HP: 28/30 MP: 7/7
  2623 | D:4      | XOM: fog
  2670 | D:4      | XOM: divination: detect items
  2681 | D:5      | Entered Level 5 of the Dungeon
  2928 | D:5      | Noticed a sky beast
  2943 | D:5      | XOM: enchant monster (good)
  2949 | D:5      | Killed a sky beast
  2949 | D:5      | Reached skill level 4 in Dodging
  2975 | D:5      | XOM: 1-stop teleportation journey
  3108 | D:5      | XOM: cleaving
  3110 | D:5      | Reached skill level 5 in Dodging
  3430 | D:5      | XOM: cloud trail
  3447 | D:5      | Reached XP level 7. HP: 27/34 MP: 8/8
  3462 | D:5      | Found a staircase to the Ecumenical Temple.
  3510 | D:6      | Reached skill level 6 in Dodging
  3561 | D:6      | HP: 1/34 [centaur/arrow (4)]
  3572 | D:6      | Reached skill level 1 in Evocations
  3574 | D:6      | HP: 1/76 [orc wizard/dagger (3)]
  3606 | D:6      | XOM: 2-stop teleportation journey
  3607 | D:6      | Noticed Duvessa
  3607 | D:6      | Noticed Dowan
  3660 | D:6      | Killed Dowan
  3674 | D:6      | Killed Duvessa
  3674 | D:6      | Reached skill level 5 in Stealth
  3784 | D:6      | Found a glowing drain.
  3790 | D:6      | XOM: butterfly on damage
  3823 | Sewer    | Entered a sewer
  4047 | Sewer    | Reached XP level 8. HP: 33/37 MP: 10/10
  4068 | Sewer    | XOM: god gift: runed falchion {god gift}
  4105 | Sewer    | XOM: silly message
  4134 | Sewer    | Reached skill level 7 in Dodging
  4303 | D:4      | Bought a book of Cantrips for 280 gold pieces
  4305 | D:4      | Learned a level 1 spell: Animate Skeleton
  4307 | D:4      | Learned a level 1 spell: Confusing Touch
  4350 | D:4      | XOM: enchant monster (bad)
  4355 | D:4      | Killed letownia2's ghost
  4355 | D:4      | Reached skill level 8 in Dodging
  4474 | D:6      | XOM: harmless Ice miscast
  4794 | D:6      | XOM: potion effect (haste)
  4873 | D:6      | XOM: summons 3 friendly demons
  4880 | D:6      | Reached skill level 9 in Dodging
  4971 | D:7      | Learned a level 1 spell: Apportation
  4992 | D:7      | XOM: butterfly on damage
  4994 | D:7      | XOM: potion effect (invisibility)
  5006 | D:7      | XOM: stat loss: -1 Int (13/14)
  5152 | D:7      | Reached skill level 10 in Dodging
  5152 | D:7      | Reached skill level 1 in Hexes
  5219 | D:7      | XOM: 1-stop teleportation journey
  5231 | D:7      | Slain by an orc warrior
  5232 | D:7      | Reached XP level 7. HP: -2/34 MP: 9/9
  5343 | D:7      | Reached XP level 8. HP: 37/37 MP: 10/10
  5449 | D:7      | Reached skill level 5 in Hexes
  5758 | D:8      | Reached skill level 1 in Necromancy
  5773 | D:8      | Noticed Pikel
  5792 | D:8      | XOM: enchant monster (good)
  5802 | D:8      | XOM: cleaving
  5812 | D:8      | XOM: harmless Ice miscast
  5823 | D:8      | XOM: noise
  5838 | D:8      | Killed Pikel
  5866 | D:8      | XOM: polymorph freed slave -> steam dragon
  6320 | D:8      | XOM: cast spell 'Leda's Liquefaction'
  6330 | D:8      | Reached XP level 9. HP: 40/42 MP: 11/11
  6360 | D:8      | XOM: give mutations
  6360 | D:8      | Gained mutation: You are dopey. (Int -2) [Xom's mischief]
  6360 | D:8      | Gained mutation: You do not regenerate when monsters are visible. [Xom's mischief]
  6360 | D:8      | Lost mutation: You are robust. (+10% HP) [Xom's mischief]
  6444 | D:8      | Lost mutation: You are dopey. (Int -2) [potion of mutation]
  6444 | D:8      | Lost mutation: You are very agile. (Dex +4) [potion of mutation]
  6444 | D:8      | Gained mutation: You are very agile. (Dex +4) [potion of mutation]
  6717 | D:9      | Reached skill level 5 in Fighting
  6769 | D:9      | XOM: give mutations
  6769 | D:9      | Lost mutation: You have a pair of small antennae on your head. [Xom's mischief]
  6769 | D:9      | Lost mutation: You do not regenerate when monsters are visible. [Xom's mischief]
  6796 | D:9      | Found a snail-covered altar of Cheibriados.
  6807 | D:9      | Learned a level 1 spell: Beastly Appendage
  6852 | D:9      | Noticed a two-headed ogre
  6885 | D:9      | XOM: give mutation
  6885 | D:9      | Gained mutation: Your muscles are strong. (Str +2) [Xom's grace]
  6890 | D:9      | XOM: god gift: pair of embroidered boots {god gift}
  6930 | D:8      | XOM: give mutations
  6930 | D:8      | Gained mutation: You have a pair of small horns on your head. [Xom's grace]
  6930 | D:8      | Gained mutation: You passively map a small area around you. [Xom's grace]
  6930 | D:8      | Gained mutation: You are partially covered in thin metallic scales. (AC +2) [Xom's grace]
  6965 | D:9      | XOM: god gift: 17 stones
  6972 | D:9      | Noticed a troll
  6974 | D:9      | Slain by a troll

Skill      XL: |  1  2  3  4  5  6  7  8  9 |
---------------+----------------------------+-----
Unarmed Combat | 4 6 7 |  7.2
Stealth        | 1 2 7 |  7.0
Dodging        | 5 6 10 | 10.2
Evocations     | 2 |  2.0
Hexes          | 3 6 |  6.0
Necromancy     | 4 |  4.2
Fighting       | 5 |  5.2

Action                   |  1- 3 |  4- 6 |  7- 9 || total
-------------------------+-------+-------+-------++-------
Melee: Unarmed           |   142 |   143 |   345 ||   630
       Bite              |    10 |    19 |    29 ||    58
       Punch             |     4 |     6 |    11 ||    21
       Headbutt          |       |       |     2 ||     2
 Cast: Confusing Touch   |       |       |    14 ||    14
       Animate Skeleton  |       |       |     2 ||     2
       Beastly Appendage |       |       |     1 ||     1
 Abil: Evoke Berserk Rag |       |     1 |     5 ||     6
Evoke: Wand              |       |       |    19 ||    19
  Use: Potion            |       |     4 |     7 ||    11
       Scroll            |       |       |     4 ||     4
 Stab: Sleeping          |     8 |     3 |    23 ||    34
       Distracted        |     1 |     1 |     2 ||     4
       Confused          |       |       |     7 ||     7
       Invisible         |       |       |     2 ||     2
       Paralysed         |       |       |     1 ||     1
  Eat: Chunk             |    12 |     4 |    19 ||    35
Armor: Skin              |    16 |     7 |    19 ||    42
Dodge: Dodged            |    91 |    89 |   247 ||   427
